%YAML 1.1
%TAG !u! tag:unity3d.com,2011:
--- !u!114 &11400000
MonoBehaviour:
  m_ObjectHideFlags: 0
  m_CorrespondingSourceObject: {fileID: 0}
  m_PrefabInstance: {fileID: 0}
  m_PrefabAsset: {fileID: 0}
  m_GameObject: {fileID: 0}
  m_Enabled: 1
  m_EditorHideFlags: 0
  m_Script: {fileID: 11500000, guid: 11169054f5a98534084e71846da957ab, type: 3}
  m_Name: World Overlay User-Interface Graph
  m_EditorClassIdentifier: 
  origin: {fileID: 8682988595623375582}
  nodes:
  - {fileID: 8682988595623375582}
  - {fileID: 6265917701883553491}
  edges:
  - {fileID: 8422077483366308595}
--- !u!114 &6265917701883553491
MonoBehaviour:
  m_ObjectHideFlags: 1
  m_CorrespondingSourceObject: {fileID: 0}
  m_PrefabInstance: {fileID: 0}
  m_PrefabAsset: {fileID: 0}
  m_GameObject: {fileID: 0}
  m_Enabled: 1
  m_EditorHideFlags: 0
  m_Script: {fileID: 11500000, guid: fe3ba92435e17304dad14bddd23881fd, type: 3}
  m_Name: '[Node] LoadingCanvasController (08d3efb5-7fa1-4c17-b6c9-b4a31321bba7)'
  m_EditorClassIdentifier: 
  guid: 08d3efb5-7fa1-4c17-b6c9-b4a31321bba7
  resource:
    reference: {fileID: 11400000, guid: d6ffae83f61e8e74d9d9a44aa0b346d9, type: 2}
  userIdentifier: 
  graph: {fileID: 11400000}
  parent: {fileID: 0}
  nodeSettingsVisible: 1
  position: {x: 519, y: 122}
  fieldPorts: []
  embedViewObjectPorts: []
  transitionViewObjectPorts: []
  manualEdges: []
  fieldPortsVisible: 1
  viewObjectPortsVisible: 1
  manualTransitionsVisible: 1
--- !u!114 &8422077483366308595
MonoBehaviour:
  m_ObjectHideFlags: 1
  m_CorrespondingSourceObject: {fileID: 0}
  m_PrefabInstance: {fileID: 0}
  m_PrefabAsset: {fileID: 0}
  m_GameObject: {fileID: 0}
  m_Enabled: 1
  m_EditorHideFlags: 0
  m_Script: {fileID: 11500000, guid: 9a7692ccde0c8ef4f8a54bb3b43c0561, type: 3}
  m_Name: '[ViewObjectEdge] WorldOverlayCanvasController --CanvasController.Present-->
    LoadingCanvasController (7bc35d14-fd66-474f-9a9b-3819e208eb51)'
  m_EditorClassIdentifier: 
  guid: 7bc35d14-fd66-474f-9a9b-3819e208eb51
  sourceNode: {fileID: 8682988595623375582}
  destinationNode: {fileID: 6265917701883553491}
  targetNode: {fileID: 8682988595623375582}
  type: 1
  graph: {fileID: 11400000}
  transitionGuid: CanvasController.Present
  animated: 1
  interactive: 0
  userIdentifier: Assassin Demo
  transitionDisplayName: Present
  triggerGuid: cc77dc5b-7cac-4134-a561-e15307cc85e1
  transitionViewObjectGuid: 96284c3b-4450-4d99-b894-213f1e7bb30e
--- !u!114 &8682988595623375582
MonoBehaviour:
  m_ObjectHideFlags: 1
  m_CorrespondingSourceObject: {fileID: 0}
  m_PrefabInstance: {fileID: 0}
  m_PrefabAsset: {fileID: 0}
  m_GameObject: {fileID: 0}
  m_Enabled: 1
  m_EditorHideFlags: 0
  m_Script: {fileID: 11500000, guid: fe3ba92435e17304dad14bddd23881fd, type: 3}
  m_Name: '[Node] WorldOverlayCanvasController (4b850d1d-7c5f-46d3-a2ef-90fbf0ed3606)'
  m_EditorClassIdentifier: 
  guid: 4b850d1d-7c5f-46d3-a2ef-90fbf0ed3606
  resource:
    reference: {fileID: 11400000, guid: b374e826c35e26a4db7e70f2e1db4b4b, type: 2}
  userIdentifier: 
  graph: {fileID: 11400000}
  parent: {fileID: 0}
  nodeSettingsVisible: 1
  position: {x: 153, y: 123}
  fieldPorts: []
  embedViewObjectPorts: []
  transitionViewObjectPorts:
  - transitionViewObjectGuid: 96284c3b-4450-4d99-b894-213f1e7bb30e
    transitionViewObjectDisplayName: Menu Button
    edges:
    - {fileID: 8422077483366308595}
    triggers:
    - trigger:
        guid: cc77dc5b-7cac-4134-a561-e15307cc85e1
        displayName: On Click
      edge: {fileID: 8422077483366308595}
  manualEdges: []
  fieldPortsVisible: 1
  viewObjectPortsVisible: 1
  manualTransitionsVisible: 1
